Predators vs Coyotes
(R1)
Created - January 6, 2018 at 19:52
Goals
|
| Predators |
4 |
1 |
0 |
5 |
| Coyotes |
2 |
0 |
0 |
2 |
|
Shots
|
| Predators |
12 |
9 |
2 |
23 |
| Coyotes |
13 |
5 |
5 |
23 |
|
1st period
1. Predators , Justin Abdelkader 8 (Alexander Ovechkin 25, Mikael Granlund 9) at 11:02
2. Predators , Andy Miele 7 (Ryan Mcdonagh 14) at 15:10 (SH)
3. Coyotes , Brad Richards 18 (Zach Parise 27, Marian Gaborik 27) at 16:30
4. Predators , Niclas Bergfors 11 (Alexander Ovechkin 26) at 16:42
5. Coyotes , Maxim Talbot 2 (Anton Stralman 16) at 17:53 (SH)
6. Predators , Ryan Kesler 22 (Byron Bitz 18, Viktor Fasth) at 18:29 (PP)
Penalties :
Alexander Ovechkin (Nas) for Hooking (Minor) at 8:36, Niclas Bergfors (Nas) for Hooking (Minor) at 14:23, Michael Del Zotto (Ari) for High sticking (Minor) at 17:40
2nd period
7. Predators , Andy Miele 8 (Brett Clark 5) at 18:32
Penalties :
Alexander Edler (Nas) for Tripping (Minor) at 0:05, Kristopher Letang (Ari) for Hooking (Minor) at 3:31
3rd period
No Goal
Penalties :
Mikael Granlund (Nas) for Hooking (Minor) at 1:46, Anton Stralman (Ari) for Tripping (Minor) at 7:06, Greg Zanon (Ari) for Roughing (Minor) at 17:17, Ryan Kesler (Nas) for Interference (Minor) at 18:49
Goalie Stats
Viktor Fasth (Nas), 21 saves from 23 shots - (0.913), W, 19-10-0, 60:00 minutes
Maxime Daigneault (Ari), 11 saves from 12 shots - (0.917), 41:31 minutes
Ryan Miller (Ari), 7 saves from 11 shots - (0.636), L, 13-14-1, 18:29 minutes
Players Stats for Predators
Player Name G A P +/- PIM S H SB GA TA FO MP PP MP PK MP
------------------------------------------------------------------------------------
Adam Burish 0 0 0 1 0 0 0 0 0 0 0/1 14:00 0:00 3:06
Alexander Edler 0 0 0 1 2 1 1 2 0 1 0/0 27:44 3:13 3:55
Alexander Ovechkin 0 2 2 0 2 1 6 0 1 0 0/1 18:35 3:28 1:10
Alexander Steen 0 0 0 0 0 2 1 2 0 0 0/1 12:02 0:00 0:27
Andrej Meszaros 0 0 0 1 0 0 2 0 0 1 0/0 12:44 0:00 1:23
Andy Miele 2 0 2 1 0 5 2 1 0 0 3/4 12:11 0:00 2:22
Barret Jackman 0 0 0 0 0 0 0 1 0 0 0/0 0:58 0:00 0:00
Brett Clark 0 1 1 0 0 0 2 1 0 0 0/0 16:47 0:00 3:17
Byron Bitz 0 1 1 0 0 1 3 0 0 0 0/0 19:27 2:51 4:40
Dmitri Kalinin 0 0 0 1 0 2 1 1 0 2 0/0 20:58 3:06 0:04
James Van Riemsdyk 0 0 0 1 0 1 2 0 1 0 0/0 13:34 2:51 0:00
John Moore 0 0 0 1 0 0 2 0 2 1 0/0 21:15 3:06 3:21
Justin Abdelkader 1 0 1 1 0 2 0 0 0 0 0/1 9:46 0:00 0:01
Kris Vernarsky 0 0 0 1 0 1 2 0 0 0 0/0 9:00 0:00 0:00
Mikael Granlund 0 1 1 -1 2 2 2 1 0 0 6/15 15:06 3:28 0:55
Niclas Bergfors 1 0 1 -1 2 2 4 0 2 0 0/0 17:32 3:28 0:00
Ryan Kesler 1 0 1 1 2 3 2 2 0 0 15/28 21:32 2:50 4:37
Ryan Mcdonagh 0 1 1 1 0 0 5 1 0 0 0/0 27:38 3:13 5:18
Players Stats for Coyotes
Player Name G A P +/- PIM S H SB GA TA FO MP PP MP PK MP
------------------------------------------------------------------------------------
Anton Stralman 0 1 1 0 2 1 2 2 1 0 0/0 29:03 5:44 2:41
Brad Richards 1 0 1 1 0 2 2 1 0 0 15/23 20:28 5:29 1:28
Brooks Laich 0 0 0 -2 0 3 3 1 0 0 2/3 9:49 0:00 1:21
Chris Neil 0 0 0 -2 0 0 1 0 0 0 0/0 8:16 0:00 0:00
Chris Stewart 0 0 0 -2 0 1 0 0 0 0 2/3 15:46 3:10 0:00
Enver Lisin 0 0 0 0 0 1 1 0 0 0 1/1 9:59 0:00 0:00
Eric Brewer 0 0 0 -2 0 0 2 1 1 0 0/0 20:17 2:55 2:41
Greg Zanon 0 0 0 1 2 0 2 0 0 3 0/0 16:55 0:00 3:12
Josh Gorges 0 0 0 -2 0 0 0 1 0 0 0/0 4:28 0:00 0:00
Kristopher Letang 0 0 0 -1 2 4 6 2 0 0 0/0 26:47 5:44 1:54
Marian Gaborik 0 1 1 1 0 0 3 1 0 1 0/0 19:36 5:26 0:00
Mark Bell 0 0 0 0 0 1 1 1 0 0 0/2 12:46 0:03 1:21
Martin Samuelsson 0 0 0 -1 0 1 0 0 2 0 1/1 12:00 0:00 3:30
Maxim Talbot 1 0 1 1 0 2 0 0 0 0 2/7 13:43 0:00 3:30
Michael Del Zotto 0 0 0 0 2 1 1 0 1 0 0/0 20:34 2:55 2:10
Nazem Kadri 0 0 0 -2 0 2 5 1 0 2 3/9 16:25 3:10 0:00
Tyler Ennis 0 0 0 -2 0 0 3 2 0 0 1/1 15:46 3:10 0:00
Zach Parise 0 1 1 1 0 4 2 1 0 0 0/1 20:32 5:29 1:28
3 Stars
1 - Andy Miele (Nas)
2 - Ryan Mcdonagh (Nas)
3 - Alexander Ovechkin (Nas)
Power Play
Predators - 1 on 4 Attempt(s) - 25.00%
Coyotes - 0 on 5 Attempt(s) - 0.00%
Penalty Kill
Predators - 5 on 5 Attempt(s) - 100.00%
- Score 1 goal in Penalty Kill
Coyotes - 3 on 4 Attempt(s) - 75.00%
- Score 1 goal in Penalty Kill
Team Stat
Predators - Hits : 37 - Faceoff Wins : 24 - Blocked Shots : 12 - Penalty Minutes : 10
Coyotes - Hits : 34 - Faceoff Wins : 27 - Blocked Shots : 14 - Penalty Minutes : 8
Official
Referees : Walkom Stephen and Rehman Kyle
Linesman : David Brisebois and Pierre Racicot
Game Notes
Barret Jackman is injured at 2:47 of 1st period (Sprained Right Knee)
Josh Gorges is injured at 17:34 of 1st period (Sprained Right Knee)
Maxime Daigneault enters game at 18:29 of 1st period
Finance
Level 1 -- Attendance: 6000 (100.00%) -- Ticket Income $540,000
Level 2 -- Attendance: 5000 (100.00%) -- Ticket Income $265,000
Level 3 -- Attendance: 1903 (95.15%) -- Ticket Income $70,411
Level 4 -- Attendance: 3635 (90.88%) -- Ticket Income $94,510
Luxury Box -- Attendance: 937 (93.70%) -- Ticket Income $152,731
Game was played at the The Pack Center.
Total Attendance: 17475 (97.08%)
Total Ticket Income: $1,122,652
Other Income: $168,398
Total Income: $1,291,050
Predators
5 vs 5 Forward
Center Left Wing Right Wing Time % Phy DF OF
1 Ryan Kesler Alexander Ovechkin Niclas Bergfors 40 1 2 2
2 Mikael Granlund Alexander Steen Byron Bitz 30 1 2 2
3 Andy Miele James Van Riemsdyk Adam Burish 20 1 2 2
4 Kris Vernarsky Justin Abdelkader Andrej Meszaros 10 1 2 2
5 vs 5 Defense
Defense Defense Time % Phy DF OF
1 Ryan Mcdonagh Alexander Edler 40 1 2 2
2 John Moore Dmitri Kalinin 30 1 2 2
3 Brett Clark Barret Jackman 20 1 2 2
4 Dmitri Kalinin Alexander Edler 10 1 2 2
PowerPlay Forward
Center Left Wing Right Wing Time % Phy DF OF
1 Mikael Granlund Alexander Ovechkin Niclas Bergfors 60 1 0 4
2 Ryan Kesler James Van Riemsdyk Byron Bitz 40 1 0 4
PowerPlay Defense
Defense Defense Time % Phy DF OF
1 Alexander Edler Ryan Mcdonagh 60 1 1 3
2 Dmitri Kalinin John Moore 40 1 1 3
Penalty Kill 4 Players Forward
Center Wing Time % Phy DF OF
1 Ryan Kesler Byron Bitz 60 1 2 2
2 Andy Miele Adam Burish 40 1 2 2
Penalty Kill 4 Players Defense
Defense Defense Time % Phy DF OF
1 Ryan Mcdonagh Alexander Edler 60 1 3 1
2 John Moore Brett Clark 40 1 3 1
Penalty Kill - 3 Players Forward
Forward Time % Phy DF OF
1 Byron Bitz 60 1 2 2
2 Adam Burish 40 1 2 2
Penalty Kill - 3 Players Defense
Defense Defense Time % Phy DF OF
1 Ryan Mcdonagh Alexander Edler 60 1 3 1
2 John Moore Brett Clark 40 1 3 1
4 vs 4 Forward
Center Wing Time % Phy DF OF
1 Ryan Kesler Byron Bitz 60 1 2 2
2 Alexander Ovechkin Niclas Bergfors 40 1 2 2
4 vs 4 Defense
Defense Defense Time % Phy DF OF
1 Ryan Mcdonagh Alexander Edler 60 1 2 2
2 John Moore Dmitri Kalinin 40 1 2 2
Last Minutes Offensive
Center Left Wing Right Wing Defense Defense
Ryan Kesler Alexander Ovechkin Niclas Bergfors Ryan Mcdonagh Alexander Edler
Last Minutes Defensive
Center Left Wing Right Wing Defense Defense
Ryan Kesler Adam Burish Byron Bitz Ryan Mcdonagh John Moore
Goaltenders
Starting : Viktor Fasth
Backup : Chad Johnson
Extra Forwards
Normal : James Van Riemsdyk, Justin Abdelkader, Adam Burish - PP : James Van Riemsdyk, Justin Abdelkader - PK : Adam Burish
Extra Defensemen
Normal : Dmitri Kalinin, Barret Jackman, Alexander Edler - PP : Dmitri Kalinin - PK : Barret Jackman, Ryan Mcdonagh
Penalty Shots
Alexander Ovechkin, Ryan Kesler, Niclas Bergfors, Byron Bitz, Alexander Steen
Scratches
None
Coyotes
5 vs 5 Forward
Center Left Wing Right Wing Time % Phy DF OF
1 Brad Richards Zach Parise Marian Gaborik 40 0 2 3
2 Nazem Kadri Tyler Ennis Chris Stewart 32 0 2 3
3 Maxim Talbot Mark Bell Enver Lisin 19 0 3 2
4 Brooks Laich Martin Samuelsson Chris Neil 9 1 2 2
5 vs 5 Defense
Defense Defense Time % Phy DF OF
1 Kristopher Letang Anton Stralman 40 0 3 2
2 Josh Gorges Eric Brewer 35 0 3 2
3 Greg Zanon Michael Del Zotto 25 0 3 2
4 Kristopher Letang Anton Stralman 0 1 2 2
PowerPlay Forward
Center Left Wing Right Wing Time % Phy DF OF
1 Brad Richards Zach Parise Marian Gaborik 60 0 1 4
2 Nazem Kadri Tyler Ennis Chris Stewart 40 0 1 4
PowerPlay Defense
Defense Defense Time % Phy DF OF
1 Kristopher Letang Anton Stralman 60 0 2 3
2 Michael Del Zotto Eric Brewer 40 0 2 3
Penalty Kill 4 Players Forward
Center Wing Time % Phy DF OF
1 Maxim Talbot Martin Samuelsson 60 1 2 2
2 Brad Richards Zach Parise 40 1 2 2
Penalty Kill 4 Players Defense
Defense Defense Time % Phy DF OF
1 Greg Zanon Anton Stralman 60 1 2 2
2 Josh Gorges Eric Brewer 40 1 2 2
Penalty Kill - 3 Players Forward
Forward Time % Phy DF OF
1 Zach Parise 60 1 2 2
2 Brad Richards 40 1 2 2
Penalty Kill - 3 Players Defense
Defense Defense Time % Phy DF OF
1 Greg Zanon Anton Stralman 60 1 2 2
2 Josh Gorges Eric Brewer 40 1 2 2
4 vs 4 Forward
Center Wing Time % Phy DF OF
1 Nazem Kadri Marian Gaborik 60 0 2 3
2 Brad Richards Tyler Ennis 40 0 2 3
4 vs 4 Defense
Defense Defense Time % Phy DF OF
1 Kristopher Letang Anton Stralman 60 0 3 2
2 Eric Brewer Michael Del Zotto 40 0 3 2
Last Minutes Offensive
Center Left Wing Right Wing Defense Defense
Brad Richards Zach Parise Marian Gaborik Kristopher Letang Anton Stralman
Last Minutes Defensive
Center Left Wing Right Wing Defense Defense
Brad Richards Zach Parise Marian Gaborik Eric Brewer Anton Stralman
Goaltenders
Starting : Ryan Miller
Backup : Maxime Daigneault
Extra Forwards
Normal : Mark Bell, Maxim Talbot, Brooks Laich - PP : Mark Bell, Maxim Talbot - PK : Brooks Laich
Extra Defensemen
Normal : Michael Del Zotto, Greg Zanon, Josh Gorges - PP : Josh Gorges - PK : Kristopher Letang, Michael Del Zotto
Penalty Shots
Tyler Ennis, Marian Gaborik, Zach Parise, Brad Richards, Chris Stewart
Scratches
None
% Time on Ice - Predators
Lines # - Real PCT - Wanted PCT - Time Play
Normal Forward
1 - 32% - 40% - 14:09
2 - 26% - 30% - 11:45
3 - 22% - 20% - 9:41
4 - 20% - 10% - 9:00
Normal Defense
1 - 30% - 40% - 13:30
2 - 31% - 30% - 13:45
3 - 37% - 20% - 16:24
4 - 2% - 10% - 0:56
PP Forward
1 - 55% - 60% - 3:28
2 - 45% - 40% - 2:51
PP Defense
1 - 51% - 60% - 3:13
2 - 49% - 40% - 3:06
PK Forward
1 - 73% - 60% - 6:17
2 - 27% - 40% - 2:22
PK Defense
1 - 61% - 60% - 5:18
2 - 39% - 40% - 3:21
PK3 Forward
1 - 0% - 60%
2 - 0% - 40%
PK3 Defense
1 - 0% - 60%
2 - 0% - 40%
44 Forward
1 - 100% - 60% - 0:27
2 - 0% - 40% - 0:00
44 Defense
1 - 0% - 60% - 0:00
2 - 100% - 40% - 0:27
Last Minute Offensive - 0:00
Last Minute Defensive - 0:00
Total
Forward - 60:00
Defense - 60:00
|
% Time on Ice - Coyotes
Lines # - Real PCT - Wanted PCT - Time Play
Normal Forward
1 - 31% - 40% - 13:44
2 - 28% - 32% - 12:36
3 - 22% - 19% - 9:59
4 - 19% - 9% - 8:16
Normal Defense
1 - 34% - 40% - 15:10
2 - 44% - 35% - 19:30
3 - 21% - 25% - 9:18
4 - 1% - 0% - 0:37
PP Forward
1 - 63% - 60% - 5:29
2 - 37% - 40% - 3:10
PP Defense
1 - 66% - 60% - 5:44
2 - 34% - 40% - 2:55
PK Forward
1 - 77% - 60% - 4:51
2 - 23% - 40% - 1:28
PK Defense
1 - 60% - 60% - 3:49
2 - 40% - 40% - 2:30
PK3 Forward
1 - 0% - 60%
2 - 0% - 40%
PK3 Defense
1 - 0% - 60%
2 - 0% - 40%
44 Forward
1 - 100% - 60% - 0:27
2 - 0% - 40% - 0:00
44 Defense
1 - 56% - 60% - 0:15
2 - 44% - 40% - 0:12
Last Minute Offensive - 0:00
Last Minute Defensive - 0:00
Total
Forward - 60:00
Defense - 60:00
|
Play by Play
1st period
0:01 of 1st period - Ryan Kesler wins face-off versus Brad Richards in neutral zone.
1:09 of 1st period - Slapshot by Kristopher Letang.
1:09 of 1st period - Stopped by Viktor Fasth with a rebound.
1:25 of 1st period - Ryan Kesler is hit by Kristopher Letang and loses puck.
1:34 of 1st period - Snap shot by Alexander Ovechkin.
1:34 of 1st period - Stopped by Ryan Miller with a rebound.
1:36 of 1st period - Wrist shot by Ryan Kesler.
1:36 of 1st period - Shot Blocked by Anton Stralman.
1:46 of 1st period - Ryan Mcdonagh is hit by Kristopher Letang and loses puck.
1:55 of 1st period - Slapshot by Nazem Kadri.
1:55 of 1st period - Stopped by Viktor Fasth without a rebound.
1:56 of 1st period - Andy Miele wins face-off versus Nazem Kadri in Predators zone.
2:26 of 1st period - Marian Gaborik is hit by Alexander Ovechkin and loses puck.
2:45 of 1st period - Wrist shot by Mark Bell.
2:45 of 1st period - Shot Misses the Net.
2:47 of 1st period - Slapshot by Josh Gorges.
2:47 of 1st period - Shot Blocked by Barret Jackman.
2:47 of 1st period - Barret Jackman from Predators is injured at 2:47 of 1st period (Sprained Right Knee).
2:48 of 1st period - Brad Richards wins face-off versus Alexander Ovechkin in Predators zone.
2:49 of 1st period - Snap shot by Marian Gaborik.
2:49 of 1st period - Deflect By Zach Parise.
2:49 of 1st period - Stopped by Viktor Fasth without a rebound.
2:50 of 1st period - Ryan Kesler wins face-off versus Brad Richards in Predators zone.
3:59 of 1st period - Snap shot by Adam Burish.
3:59 of 1st period - Shot Misses the Net.
4:01 of 1st period - Slapshot by John Moore.
4:01 of 1st period - Shot Blocked by Mark Bell.
4:03 of 1st period - Wrist shot by Andy Miele.
4:03 of 1st period - Stopped by Ryan Miller without a rebound.
4:04 of 1st period - Brad Richards wins face-off versus Andy Miele in Coyotes zone.
4:11 of 1st period - Andy Miele is hit by Anton Stralman and loses puck.
5:00 of 1st period - Ryan Mcdonagh is hit by Zach Parise and loses puck.
5:25 of 1st period - Backhand shot by Marian Gaborik.
5:25 of 1st period - Deflect By Brad Richards.
5:25 of 1st period - Shot Blocked by Brett Clark.
5:25 of 1st period - Puck is out of play.
5:26 of 1st period - Ryan Kesler wins face-off versus Nazem Kadri in Predators zone.
5:33 of 1st period - Slapshot by Niclas Bergfors.
5:33 of 1st period - Stopped by Ryan Miller with a rebound.
6:40 of 1st period - Anton Stralman is hit by Alexander Ovechkin and loses puck.
6:51 of 1st period - Slapshot by Kristopher Letang.
6:51 of 1st period - Stopped by Viktor Fasth without a rebound.
6:52 of 1st period - Brooks Laich wins face-off versus Mikael Granlund in Predators zone.
7:58 of 1st period - John Moore is hit by Greg Zanon and loses puck.
8:07 of 1st period - Backhand shot by James Van Riemsdyk.
8:07 of 1st period - Deflect By Andy Miele.
8:07 of 1st period - Stopped by Ryan Miller without a rebound.
8:08 of 1st period - Nazem Kadri wins face-off versus Ryan Kesler in Coyotes zone.
8:08 of 1st period - Nazem Kadri is hit by Dmitri Kalinin.
8:11 of 1st period - Tyler Ennis is hit by Alexander Ovechkin.
8:12 of 1st period - Off-side.
8:13 of 1st period - Nazem Kadri wins face-off versus Ryan Kesler in neutral zone.
8:18 of 1st period - Snap shot by Nazem Kadri.
8:18 of 1st period - Shot Misses the Net.
8:30 of 1st period - Snap shot by Nazem Kadri.
8:30 of 1st period - Stopped by Viktor Fasth with a rebound.
8:36 of 1st period - Minor Penalty to Alexander Ovechkin for Hooking.
8:37 of 1st period - Ryan Kesler wins face-off versus Zach Parise in Predators zone.
8:46 of 1st period - Slapshot by Kristopher Letang.
8:46 of 1st period - Stopped by Viktor Fasth without a rebound.
8:47 of 1st period - Ryan Kesler wins face-off versus Brad Richards in Predators zone.
10:36 of 1st period - Penalty to Alexander Ovechkin is over, Alexander Ovechkin is back on ice.
11:02 of 1st period - Snap shot by Justin Abdelkader.
11:02 of 1st period - Goal by Justin Abdelkader - Predators : 1 - Coyotes : 0.
11:03 of 1st period - Brad Richards wins face-off versus Ryan Kesler in neutral zone.
11:08 of 1st period - Niclas Bergfors is hit by Brad Richards and loses puck.
11:17 of 1st period - Wrist shot by Zach Parise.
11:17 of 1st period - Stopped by Viktor Fasth without a rebound.
11:18 of 1st period - Mikael Granlund wins face-off versus Nazem Kadri in Predators zone.
11:45 of 1st period - Alexander Edler is hit by Marian Gaborik and loses puck.
12:29 of 1st period - Wrist shot by Maxim Talbot.
12:29 of 1st period - Shot Misses the Net.
12:31 of 1st period - Slapshot by Anton Stralman.
12:31 of 1st period - Shot Misses the Net.
12:37 of 1st period - Slapshot by Kristopher Letang.
12:37 of 1st period - Stopped by Viktor Fasth with a rebound.
12:39 of 1st period - Snap shot by Martin Samuelsson.
12:39 of 1st period - Shot Blocked by Dmitri Kalinin.
12:41 of 1st period - Slapshot by Brooks Laich.
12:41 of 1st period - Stopped by Viktor Fasth with a rebound.
13:13 of 1st period - Marian Gaborik is hit by Brett Clark and loses puck.
13:18 of 1st period - Snap shot by Justin Abdelkader.
13:18 of 1st period - Stopped by Ryan Miller with a rebound.
13:20 of 1st period - Slapshot by Alexander Edler.
13:20 of 1st period - Deflect By Justin Abdelkader.
13:20 of 1st period - Shot Blocked by Brad Richards.
13:20 of 1st period - Puck is out of play.
13:21 of 1st period - Ryan Kesler wins face-off versus Nazem Kadri in Coyotes zone.
13:38 of 1st period - Wrist shot by Tyler Ennis.
13:38 of 1st period - Deflect By Nazem Kadri.
13:38 of 1st period - Shot Blocked by Ryan Kesler.
13:38 of 1st period - Puck is out of play.
13:39 of 1st period - Brad Richards wins face-off versus Mikael Granlund in Predators zone.
13:42 of 1st period - Wrist shot by Brad Richards.
13:42 of 1st period - Shot Blocked by Alexander Steen.
14:04 of 1st period - Nazem Kadri is hit by Alexander Ovechkin and loses puck.
14:09 of 1st period - Slapshot by Ryan Kesler.
14:09 of 1st period - Shot Blocked by Tyler Ennis.
14:11 of 1st period - Snap shot by Ryan Kesler.
14:11 of 1st period - Stopped by Ryan Miller without a rebound.
14:12 of 1st period - Chris Stewart wins face-off versus Ryan Kesler in Coyotes zone.
14:12 of 1st period - Chris Stewart is hit by Ryan Kesler.
14:23 of 1st period - Minor Penalty to Niclas Bergfors for Hooking.
14:24 of 1st period - Brad Richards wins face-off versus Ryan Kesler in Predators zone.
14:37 of 1st period - Wrist shot by Zach Parise.
14:37 of 1st period - Deflect By Brad Richards.
14:37 of 1st period - Shot Blocked by Ryan Kesler.
14:37 of 1st period - Puck is out of play.
14:38 of 1st period - Ryan Kesler wins face-off versus Brad Richards in Predators zone.
15:05 of 1st period - Chris Stewart is hit by Andy Miele and loses puck.
15:10 of 1st period - Snap shot by Andy Miele.
15:10 of 1st period - Goal by Andy Miele - Predators : 2 - Coyotes : 0.
15:11 of 1st period - Brad Richards wins face-off versus Ryan Kesler in neutral zone.
15:18 of 1st period - Snap shot by Zach Parise.
15:18 of 1st period - Deflect By Alexander Edler.
15:18 of 1st period - Shot Blocked by Alexander Edler.
15:18 of 1st period - Puck is out of play.
15:19 of 1st period - Brad Richards wins face-off versus Ryan Kesler in Predators zone.
16:23 of 1st period - Penalty to Niclas Bergfors is over, Niclas Bergfors is back on ice.
16:30 of 1st period - Snap shot by Brad Richards.
16:30 of 1st period - Goal by Brad Richards - Predators : 2 - Coyotes : 1.
16:31 of 1st period - Ryan Kesler wins face-off versus Nazem Kadri in neutral zone.
16:33 of 1st period - Off-side.
16:34 of 1st period - Ryan Kesler wins face-off versus Chris Stewart in neutral zone.
16:37 of 1st period - Eric Brewer is hit by Niclas Bergfors and loses puck.
16:42 of 1st period - Snap shot by Niclas Bergfors.
16:42 of 1st period - Goal by Niclas Bergfors - Predators : 3 - Coyotes : 1.
16:43 of 1st period - Brad Richards wins face-off versus Ryan Kesler in neutral zone.
17:10 of 1st period - Chris Stewart is hit by Ryan Mcdonagh and loses puck.
17:15 of 1st period - Wrist shot by Mikael Granlund.
17:15 of 1st period - Stopped by Ryan Miller without a rebound.
17:16 of 1st period - Enver Lisin wins face-off versus Mikael Granlund in Coyotes zone.
17:16 of 1st period - Enver Lisin is hit by Byron Bitz.
17:22 of 1st period - Snap shot by Enver Lisin.
17:22 of 1st period - Stopped by Viktor Fasth without a rebound.
17:23 of 1st period - Maxim Talbot wins face-off versus Mikael Granlund in Predators zone.
17:24 of 1st period - Wrist shot by Enver Lisin.
17:24 of 1st period - Shot Misses the Net.
17:34 of 1st period - Snap shot by Byron Bitz.
17:34 of 1st period - Shot Blocked by Josh Gorges.
17:34 of 1st period - Josh Gorges from Coyotes is injured at 17:34 of 1st period (Sprained Right Knee).
17:35 of 1st period - Ryan Kesler wins face-off versus Brad Richards in Coyotes zone.
17:38 of 1st period - Wrist shot by Niclas Bergfors.
17:38 of 1st period - Shot Blocked by Eric Brewer.
17:40 of 1st period - Minor Penalty to Michael Del Zotto for High sticking.
17:41 of 1st period - Martin Samuelsson wins face-off versus Mikael Granlund in Coyotes zone.
17:41 of 1st period - Martin Samuelsson is hit by Ryan Mcdonagh.
17:51 of 1st period - Wrist shot by Maxim Talbot.
17:51 of 1st period - Shot Misses the Net.
17:53 of 1st period - Slapshot by Anton Stralman.
17:53 of 1st period - Deflect By Maxim Talbot.
17:53 of 1st period - Goal by Maxim Talbot - Predators : 3 - Coyotes : 2.
17:54 of 1st period - Maxim Talbot wins face-off versus Mikael Granlund in neutral zone.
17:59 of 1st period - Slapshot by Martin Samuelsson.
17:59 of 1st period - Shot Misses the Net.
18:01 of 1st period - Snap shot by Greg Zanon.
18:01 of 1st period - Shot Blocked by Alexander Edler.
18:29 of 1st period - Snap shot by Byron Bitz.
18:29 of 1st period - Deflect By Ryan Kesler.
18:29 of 1st period - Goal by Ryan Kesler - Predators : 4 - Coyotes : 2.
18:29 of 1st period - Maxime Daigneault enters game.
18:30 of 1st period - Brad Richards wins face-off versus Ryan Kesler in neutral zone.
18:59 of 1st period - Byron Bitz is hit by Nazem Kadri and loses puck.
19:08 of 1st period - Snap shot by Nazem Kadri.
19:08 of 1st period - Shot Misses the Net.
19:10 of 1st period - Slapshot by Eric Brewer.
19:10 of 1st period - Shot Blocked by Alexander Steen.
19:21 of 1st period - Alexander Edler is hit by Kristopher Letang.
19:45 of 1st period - Snap shot by Ryan Kesler.
19:45 of 1st period - Stopped by Maxime Daigneault with a rebound.
19:59 of 1st period - Snap shot by Mark Bell.
19:59 of 1st period - Stopped by Viktor Fasth with a rebound.
Goals for this period are 4 for Predators vs 2 for Coyotes.
Shots for this period are 12 for Predators vs 13 for Coyotes.
2nd period
0:01 of 2nd period - Brad Richards wins face-off versus Ryan Kesler in neutral zone.
0:05 of 2nd period - Minor Penalty to Alexander Edler for Tripping.
0:06 of 2nd period - Ryan Kesler wins face-off versus Brad Richards in Predators zone.
0:06 of 2nd period - Ryan Kesler is hit by Kristopher Letang.
0:22 of 2nd period - Snap shot by Brad Richards.
0:22 of 2nd period - Stopped by Viktor Fasth with a rebound.
1:28 of 2nd period - Chris Stewart is hit by John Moore and loses puck.
1:38 of 2nd period - Icing by Eric Brewer.
1:39 of 2nd period - Tyler Ennis wins face-off versus Mikael Granlund in Coyotes zone.
1:44 of 2nd period - Michael Del Zotto is hit by Mikael Granlund and loses puck.
2:05 of 2nd period - Penalty to Alexander Edler is over, Alexander Edler is back on ice.
2:15 of 2nd period - Snap shot by Maxim Talbot.
2:15 of 2nd period - Stopped by Viktor Fasth without a rebound.
2:16 of 2nd period - Andy Miele wins face-off versus Mark Bell in Predators zone.
2:22 of 2nd period - Off-side.
2:23 of 2nd period - Andy Miele wins face-off versus Maxim Talbot in neutral zone.
2:26 of 2nd period - Slapshot by Andy Miele.
2:26 of 2nd period - Deflect By Maxim Talbot.
2:26 of 2nd period - Shot Misses the Net.
2:26 of 2nd period - Puck is out of play.
2:27 of 2nd period - Ryan Kesler wins face-off versus Brad Richards in Coyotes zone.
2:42 of 2nd period - Zach Parise is hit by Ryan Kesler and loses puck.
2:59 of 2nd period - Wrist shot by Alexander Steen.
2:59 of 2nd period - Stopped by Maxime Daigneault with a rebound.
3:01 of 2nd period - Snap shot by Alexander Steen.
3:01 of 2nd period - Stopped by Maxime Daigneault with a rebound.
3:03 of 2nd period - Slapshot by Alexander Edler.
3:03 of 2nd period - Stopped by Maxime Daigneault with a rebound.
3:23 of 2nd period - Slapshot by Justin Abdelkader.
3:23 of 2nd period - Shot Blocked by Tyler Ennis.
3:31 of 2nd period - Minor Penalty to Kristopher Letang for Hooking.
3:32 of 2nd period - Mikael Granlund wins face-off versus Maxim Talbot in Coyotes zone.
3:57 of 2nd period - Michael Del Zotto is hit by James Van Riemsdyk and loses puck.
5:31 of 2nd period - Penalty to Kristopher Letang is over, Kristopher Letang is back on ice.
5:45 of 2nd period - Slapshot by John Moore.
5:45 of 2nd period - Shot Blocked by Nazem Kadri.
6:32 of 2nd period - Slapshot by Greg Zanon.
6:32 of 2nd period - Deflect By Brooks Laich.
6:32 of 2nd period - Stopped by Viktor Fasth without a rebound.
6:33 of 2nd period - Brooks Laich wins face-off versus Adam Burish in Predators zone.
6:49 of 2nd period - Adam Burish is hit by Kristopher Letang and loses puck.
7:00 of 2nd period - Alexander Steen is hit by Nazem Kadri and loses puck.
7:51 of 2nd period - Mark Bell is hit by Andrej Meszaros and loses puck.
7:58 of 2nd period - Andrej Meszaros is hit by Enver Lisin and loses puck.
8:35 of 2nd period - Alexander Ovechkin is hit by Nazem Kadri and loses puck.
8:55 of 2nd period - Marian Gaborik is hit by James Van Riemsdyk and loses puck.
9:23 of 2nd period - Dmitri Kalinin is hit by Tyler Ennis and loses puck.
9:42 of 2nd period - Niclas Bergfors is hit by Brooks Laich and loses puck.
9:53 of 2nd period - Ryan Kesler is hit by Chris Neil and loses puck.
10:29 of 2nd period - Nazem Kadri is hit by Andy Miele and loses puck.
10:51 of 2nd period - Martin Samuelsson is hit by Alexander Steen and loses puck.
11:36 of 2nd period - Snap shot by Zach Parise.
11:36 of 2nd period - Stopped by Viktor Fasth without a rebound.
11:37 of 2nd period - Mikael Granlund wins face-off versus Mark Bell in Predators zone.
11:42 of 2nd period - Mikael Granlund is hit by Marian Gaborik and loses puck.
11:53 of 2nd period - Mark Bell is hit by Byron Bitz and loses puck.
12:00 of 2nd period - Snap shot by Greg Zanon.
12:00 of 2nd period - Shot Blocked by Andy Miele.
12:56 of 2nd period - Mark Bell is hit by Niclas Bergfors and loses puck.
13:18 of 2nd period - Nazem Kadri is hit by Ryan Mcdonagh and loses puck.
13:29 of 2nd period - Adam Burish is hit by Brooks Laich and loses puck.
13:36 of 2nd period - Wrist shot by Martin Samuelsson.
13:36 of 2nd period - Stopped by Viktor Fasth with a rebound.
13:42 of 2nd period - Andy Miele is hit by Brooks Laich and loses puck.
14:16 of 2nd period - Wrist shot by James Van Riemsdyk.
14:16 of 2nd period - Stopped by Maxime Daigneault with a rebound.
14:18 of 2nd period - Snap shot by Andy Miele.
14:18 of 2nd period - Deflect By Adam Burish.
14:18 of 2nd period - Shot Blocked by Brooks Laich.
14:18 of 2nd period - Puck is out of play.
14:19 of 2nd period - Chris Stewart wins face-off versus Ryan Kesler in Coyotes zone.
14:29 of 2nd period - Slapshot by Dmitri Kalinin.
14:29 of 2nd period - Stopped by Maxime Daigneault with a rebound.
14:46 of 2nd period - Martin Samuelsson is hit by Ryan Mcdonagh and loses puck.
14:53 of 2nd period - Wrist shot by Mikael Granlund.
14:53 of 2nd period - Shot Misses the Net.
14:55 of 2nd period - Wrist shot by Mikael Granlund.
14:55 of 2nd period - Stopped by Maxime Daigneault with a rebound.
15:07 of 2nd period - John Moore is hit by Tyler Ennis and loses puck.
16:17 of 2nd period - Brad Richards is hit by Niclas Bergfors and loses puck.
16:43 of 2nd period - Mark Bell is hit by Byron Bitz and loses puck.
17:09 of 2nd period - Greg Zanon is hit by Kris Vernarsky and loses puck.
17:21 of 2nd period - Kris Vernarsky is hit by Greg Zanon.
17:40 of 2nd period - Greg Zanon is hit by Andrej Meszaros and loses puck.
17:51 of 2nd period - Slapshot by Kris Vernarsky.
17:51 of 2nd period - Stopped by Maxime Daigneault with a rebound.
17:54 of 2nd period - Icing by Greg Zanon.
17:55 of 2nd period - Ryan Kesler wins face-off versus Brooks Laich in Coyotes zone.
18:27 of 2nd period - Chris Neil is hit by Ryan Mcdonagh and loses puck.
18:32 of 2nd period - Snap shot by Andy Miele.
18:32 of 2nd period - Goal by Andy Miele - Predators : 5 - Coyotes : 2.
18:33 of 2nd period - Brad Richards wins face-off versus Ryan Kesler in neutral zone.
19:10 of 2nd period - Slapshot by Byron Bitz.
19:10 of 2nd period - Shot Blocked by Kristopher Letang.
19:30 of 2nd period - Snap shot by Andy Miele.
19:30 of 2nd period - Stopped by Maxime Daigneault with a rebound.
Goals for this period are 1 for Predators vs 0 for Coyotes.
Shots for this period are 9 for Predators vs 5 for Coyotes.
3rd period
0:01 of 3rd period - Brad Richards wins face-off versus Ryan Kesler in neutral zone.
0:14 of 3rd period - Wrist shot by Marian Gaborik.
0:14 of 3rd period - Shot Misses the Net.
0:52 of 3rd period - Chris Neil is hit by John Moore.
0:58 of 3rd period - Slapshot by Anton Stralman.
0:58 of 3rd period - Deflect By Brooks Laich.
0:58 of 3rd period - Stopped by Viktor Fasth with a rebound.
1:46 of 3rd period - Minor Penalty to Mikael Granlund for Hooking.
1:47 of 3rd period - Ryan Kesler wins face-off versus Brad Richards in Predators zone.
2:06 of 3rd period - Byron Bitz is hit by Brad Richards and loses puck.
2:25 of 3rd period - Snap shot by Chris Stewart.
2:25 of 3rd period - Stopped by Viktor Fasth without a rebound.
2:26 of 3rd period - Ryan Kesler wins face-off versus Nazem Kadri in Predators zone.
3:19 of 3rd period - Michael Del Zotto is hit by Alexander Ovechkin and loses puck.
3:46 of 3rd period - Penalty to Mikael Granlund is over, Mikael Granlund is back on ice.
4:32 of 3rd period - Chris Stewart is hit by Niclas Bergfors and loses puck.
5:09 of 3rd period - Brad Richards is hit by Kris Vernarsky and loses puck.
5:35 of 3rd period - James Van Riemsdyk is hit by Nazem Kadri and loses puck.
5:42 of 3rd period - Nazem Kadri is hit by Brett Clark and loses puck.
5:55 of 3rd period - Snap shot by Byron Bitz.
5:55 of 3rd period - Stopped by Maxime Daigneault without a rebound.
5:56 of 3rd period - Brad Richards wins face-off versus Mikael Granlund in Coyotes zone.
6:11 of 3rd period - Alexander Edler is hit by Eric Brewer and loses puck.
6:27 of 3rd period - Michael Del Zotto is hit by Alexander Ovechkin.
6:51 of 3rd period - Ryan Mcdonagh is hit by Michael Del Zotto and loses puck.
7:06 of 3rd period - Minor Penalty to Anton Stralman for Tripping.
7:07 of 3rd period - Mikael Granlund wins face-off versus Maxim Talbot in Coyotes zone.
7:43 of 3rd period - Wrist shot by Ryan Kesler.
7:43 of 3rd period - Shot Blocked by Kristopher Letang.
9:06 of 3rd period - Penalty to Anton Stralman is over, Anton Stralman is back on ice.
9:12 of 3rd period - Slapshot by Nazem Kadri.
9:12 of 3rd period - Shot Misses the Net.
9:14 of 3rd period - Snap shot by Anton Stralman.
9:14 of 3rd period - Stopped by Viktor Fasth with a rebound.
9:16 of 3rd period - Slapshot by Anton Stralman.
9:16 of 3rd period - Shot Misses the Net.
9:18 of 3rd period - Wrist shot by Nazem Kadri.
9:18 of 3rd period - Shot Misses the Net.
9:47 of 3rd period - Snap shot by Justin Abdelkader.
9:47 of 3rd period - Shot Blocked by Zach Parise.
9:59 of 3rd period - Slapshot by Michael Del Zotto.
9:59 of 3rd period - Deflect By Maxim Talbot.
9:59 of 3rd period - Shot Blocked by Mikael Granlund.
9:59 of 3rd period - Puck is out of play.
10:00 of 3rd period - Mikael Granlund wins face-off versus Maxim Talbot in Predators zone.
10:12 of 3rd period - Alexander Steen is hit by Eric Brewer and loses puck.
10:25 of 3rd period - Ryan Mcdonagh is hit by Zach Parise and loses puck.
10:45 of 3rd period - Brett Clark is hit by Tyler Ennis and loses puck.
10:52 of 3rd period - Dmitri Kalinin is hit by Nazem Kadri and loses puck.
10:59 of 3rd period - John Moore is hit by Kristopher Letang and loses puck.
11:30 of 3rd period - Wrist shot by Zach Parise.
11:30 of 3rd period - Stopped by Viktor Fasth without a rebound.
11:31 of 3rd period - Brad Richards wins face-off versus Alexander Steen in Predators zone.
12:05 of 3rd period - Chris Stewart is hit by Alexander Edler and loses puck.
12:43 of 3rd period - Slapshot by Kris Vernarsky.
12:43 of 3rd period - Deflect By Alexander Steen.
12:43 of 3rd period - Shot Blocked by Marian Gaborik.
12:43 of 3rd period - Puck is out of play.
12:44 of 3rd period - Brad Richards wins face-off versus Mikael Granlund in Coyotes zone.
12:49 of 3rd period - Slapshot by Anton Stralman.
12:49 of 3rd period - Shot Blocked by Ryan Mcdonagh.
12:59 of 3rd period - Snap shot by Byron Bitz.
12:59 of 3rd period - Shot Blocked by Anton Stralman.
13:52 of 3rd period - Anton Stralman is hit by Mikael Granlund and loses puck.
15:21 of 3rd period - Alexander Steen is hit by Marian Gaborik and loses puck.
15:51 of 3rd period - Snap shot by John Moore.
15:51 of 3rd period - Shot Hit the Post.
16:09 of 3rd period - Slapshot by Michael Del Zotto.
16:09 of 3rd period - Stopped by Viktor Fasth with a rebound.
16:23 of 3rd period - Andrej Meszaros is hit by Anton Stralman and loses puck.
17:17 of 3rd period - Minor Penalty to Greg Zanon for Roughing.
17:18 of 3rd period - Mikael Granlund wins face-off versus Maxim Talbot in Coyotes zone.
17:25 of 3rd period - Snap shot by Niclas Bergfors.
17:25 of 3rd period - Shot Misses the Net.
17:31 of 3rd period - Snap shot by Alexander Ovechkin.
17:31 of 3rd period - Shot Misses the Net.
17:33 of 3rd period - Slapshot by Dmitri Kalinin.
17:33 of 3rd period - Stopped by Maxime Daigneault with a rebound.
18:36 of 3rd period - James Van Riemsdyk is hit by Mark Bell and loses puck.
18:49 of 3rd period - Minor Penalty to Ryan Kesler for Interference.
18:50 of 3rd period - Nazem Kadri wins face-off versus Justin Abdelkader in Predators zone.
19:17 of 3rd period - Penalty to Greg Zanon is over, Greg Zanon is back on ice.
Goals for this period are 0 for Predators vs 0 for Coyotes.
Shots for this period are 2 for Predators vs 5 for Coyotes.
Back to the Top